 Dungeon Crawl Stone Soup version 0.21.1-1-g345015fe64 (webtiles) character file.

41 Kohma the Ruffian (level 3, -1/36 HPs)
             Began as a Troll Fighter on June 22, 2018.
             Slain by Sigmund
             ... wielding a +0 scythe
              (5 damage)
             ... on level 2 of the Dungeon.
             The game lasted 00:03:37 (1292 turns).

Kohma the Ruffian (Troll Fighter)                   Turns: 1292, Time: 00:03:37

Health: -1/36      AC:  5    Str: 24    XL:     3   Next: 32%
Magic:  2/2        EV:  8    Int:  4    God:
Gold:   32         SH:  9    Dex: 10    Spells: 2/2 levels left

rFire    . . .     SeeInvis .     - Unarmed
rCold    . . .     Gourm    +   b - +0 shield
rNeg     . . .     Faith    .   a - +0 robe
rPois    .         Spirit   .   (helmet restricted)
rElec    .         Reflect  .   (no cloak)
rCorr    .         Harm     .   (gloves unavailable)
MR       .....                  (boots unavailable)
Stlth    +.........             (no amulet)
HPRegen  0.52/turn              (no ring)
MPRegen  0.08/turn              (no ring)

@: no status effects
A: large, unfitting armour, claws 3, fast metabolism 3, gourmand, regeneration
1, shaggy fur 1, tough skin 2
a: no special abilities


You were on level 2 of the Dungeon.
You were not hungry.

You visited 1 branch of the dungeon, and saw 2 of its levels.

You collected 32 gold pieces.

Inventory:

Missiles
 f - 2 silver tomahawks (quivered)
Armour
 a - a +0 robe (worn)
 b - a +0 shield (worn)
Jewellery
 o - an uncursed amulet of guardian spirit {unknown}
Scrolls
 g - a scroll of identify {unknown}
 h - a scroll of fog {unknown}
 i - a scroll of amnesia {unknown}
 j - a scroll of immolation {unknown}
 k - a scroll of magic mapping {unknown}
Potions
 c - a potion of might
 e - a potion of magic
 l - a potion of lignification {unknown}
 m - a potion of curing {unknown}
Comestibles
 d - 6 rations


   Skills:
 + Level 2.7 Fighting
 - Level 2.4 Dodging
 + Level 2.7 Shields
 * Level 3.0 Unarmed Combat


You had 2 spell levels left.
You didn't know any spells.

Dungeon Overview and Level Annotations

Branches:
Dungeon (2/15)

Altars:

Annotations:
D:1 exclusion: downstairs
D:2 1 runed door, Sigmund


Innate Abilities, Weirdness & Mutations

You are too large for most types of armour.
You have claws for hands.
Your metabolism is lightning-fast.
You like to eat raw meat.
Your natural rate of healing is unusually fast.
You are covered in fur. (AC +1)
You have very tough skin. (AC +2)


Message History

There is a stone staircase leading up here.
Things that are here:
a short sword; 2 gold pieces Something hits you!
There is a stone staircase leading up, spattered with blood here.
You hear some strange, mumbled words.
A magic dart appears from out of thin air!
The magic dart hits you!
There is a stone staircase leading up, spattered with blood here.
You claw something! Something hits you but does no damage.
You barely miss something. You closely miss something. Something hits you.
* * * LOW HITPOINT WARNING * * *
You closely miss something.
You hear some strange, mumbled words.
A puff of flame appears from out of thin air!
The puff of flame hits you!
* * * LOW HITPOINT WARNING * * *
It was a potion of magic.
Magic courses through your body. Something hits you.
You die...

#................# #.#
##.###.####..##### #>#
###.###.# #..# #.# #.....#.#
#..#########.######
#.....#.####....).............#
#........)<...###.###########..
#.....#.####.####.####
#.....#........{.....#########
#.#..#####....@##............##
#..#.# ##..#####..#...........
##.#.# #....# ##...#######.##
#.#.# ♣....♣ #..#.# #...# #.#.#
♣)..♣♣ #.##.# ##.#.#. #.#..
♣♣)♣♣ ##.#.####.##.#. #.###
♣)♣♣ ##..##........ #.# ♣♣)♣
##.####.#.##.## #.# ♣)♣♣ #.##
#.##.#.#.


There were no monsters in sight!

Vanquished Creatures
  4 dart slugs
  A leopard gecko (D:1)
  2 giant cockroaches (D:1)
  2 goblins
  3 hobgoblins
  2 jackals (D:1)
  5 kobolds
  3 bats
  4 frilled lizards
  6 rats (D:1)
32 creatures vanquished.

Notes
Turn   | Place    | Note
-------+----------+-------------------------------------------
     0 | D:1      | Kohma the Troll Fighter began the quest for the Orb.
     0 | D:1      | Reached XP level 1. HP: 22/22 MP: 0/0
   140 | D:1      | Reached XP level 2. HP: 27/29 MP: 1/1
   439 | D:1      | Reached XP level 3. HP: 36/36 MP: 2/2
   757 | D:2      | Reached skill level 3 in Unarmed Combat
   770 | D:2      | Noticed Sigmund
   886 | D:2      | Found a runed door.
  1292 | D:2      | Slain by Sigmund

Skill      XL: |  1  2  3 |
---------------+----------+-----
Unarmed Combat | 3 |  3.0
Fighting       | |  2.7
Dodging        | |  2.4
Shields        | |  2.7

Action                   || total
-------------------------++-------
Melee: Unarmed           ||    82
  Use: Potion            ||     1
 Stab: Sleeping          ||     1
  Eat: Chunk             ||    11
Armor: Robe              ||    37
Dodge: Dodged            ||    21
Block: Shield            ||    36
